 Dungeon Crawl Stone Soup version 0.20.0-6-gd3061e9 (webtiles) character file.

84 MTVSty1e the Ruffian (level 4, -1/38 HPs)
             Began as a Draconian Transmuter on May 28, 2017.
             Slain by ThereIsNoGod's ghost (17 damage)
             ... on level 3 of the Dungeon.
             The game lasted 00:04:16 (1565 turns).

MTVSty1e the Ruffian (Draconian Transmuter)         Turns: 1565, Time: 00:04:17

Health: -1/38      AC:  7    Str: 13    XL:     4   Next: 23%
Magic:  1/7        EV: 12    Int: 14    God:
Gold:   49         SH:  0    Dex: 11    Spells: 4/7 levels left

rFire    . . .     SeeInvis .     - Unarmed
rCold    . . .     Gourm    .   (no shield)
rNeg     . . .     Faith    .   (armour unavailable)
rPois    .         Spirit   .   (helmet restricted)
rElec    .         Reflect  .   (no cloak)
rCorr    .         Harm     .   f - +0 pair of gloves
MR       .....                  k - +0 pair of boots
Stlth    +.........             (no amulet)
Regen    0.2/turn               (no ring)
MPRegen  0.1/turn               (no ring)

@: appendage (expiring), very slightly contaminated
A: unfitting armour, horns 2, cold-blooded, AC +5
a: End Transformation


You were on level 3 of the Dungeon.
You were not hungry.
You had grown temporary horns.
You visited 1 branch of the dungeon, and saw 3 of its levels.

You collected 49 gold pieces.

Inventory:

Missiles
 a - 46 arrows
Armour
 f - a +0 pair of gloves (worn)
 k - a +0 pair of boots (worn)
Wands
 q - a wand of random effects (29/48)
Scrolls
 d - 3 scrolls of identify {unknown}
 g - 2 scrolls of amnesia {unknown}
 h - a scroll of remove curse {unknown}
 j - a scroll of recharging {unknown}
 l - a scroll of immolation {unknown}
 n - a scroll of teleportation {unknown}
Potions
 e - a potion of heal wounds {unknown}
 i - 2 potions of degeneration {unknown}
 o - a potion of flight {unknown}
Books
 b - a book of Changes

   Spells                             Type                      Level
   a - Beastly Appendage              Transmutation                1
   b - Sticks to Snakes               Transmutation                2
   c - Spider Form                    Transmutation/Poison         3
   d - Ice Form                       Ice/Transmutation            4
   e - Blade Hands                    Transmutation                5
Comestibles
 c - 2 bread rations
 m - 2 fruits
 p - a meat ration


   Skills:
 + Level 3.2 Fighting
 - Level 1.7 Dodging
 + Level 4.1 Unarmed Combat
 - Level 2.0 Spellcasting
 - Level 2.0 Transmutations


You had 4 spell levels left.
You knew the following spells:

 Your Spells              Type           Power        Failure   Level  Hunger
a - Beastly Appendage     Tmut           #.....       11%         1    ##.....
b - Sticks to Snakes      Tmut           #.......     16%         2    ###....


Dungeon Overview and Level Annotations

Branches:
Dungeon (3/15)

Altars:
Ashenzari
Xom

Annotations:
D:3 ThereIsNoGod's ghost, weakling MiGl


Innate Abilities, Weirdness & Mutations

Your plain brown scales are hard. (AC +5)
You cannot fit into any form of body armour.
You are cold-blooded and may be slowed by cold attacks.
You have a pair of horns on your head.


Message History

You hit ThereIsNoGod's ghost but do no damage.
You tail-slap ThereIsNoGod's ghost, but do no damage.
ThereIsNoGod's ghost is moderately damaged.
Your ball python bites ThereIsNoGod's ghost.
ThereIsNoGod's ghost hits you.
You completely miss ThereIsNoGod's ghost.
You headbutt ThereIsNoGod's ghost.
ThereIsNoGod's ghost is moderately damaged.
Your transformation is almost over.
Your ball python bites ThereIsNoGod's ghost.
ThereIsNoGod's ghost closely misses you.
You hit ThereIsNoGod's ghost but do no damage.
ThereIsNoGod's ghost is heavily damaged.
Your ball python barely misses ThereIsNoGod's ghost.
ThereIsNoGod's ghost hits you.
You hit ThereIsNoGod's ghost.
ThereIsNoGod's ghost is heavily damaged.
Your ball python closely misses ThereIsNoGod's ghost.
ThereIsNoGod's ghost hits you!
You die...

............##########
.#.#........(........#
.#.#....#.........##.#
.#.#....#...#####.##.#
.#.####.#...# #w##.#
##.####.#...# #.##.#
........#...# #S##.#
#######.#...#.###W##w#
#.<...#...@.##.#
.#.#########.#
............#
#.!.......#
#.........#
.............#
#.#.............
.................
##.......w...g...#


You could see a worm, ThereIsNoGod's ghost and a friendly ball python.

Vanquished Creatures
  Robin (D:3)
  2 adders (D:2)
  An ooze (D:1)
  An adder zombie (D:3)
  A worm (D:2)
  A dart slug (D:1)
  A leopard gecko (D:1)
  4 bats
  A giant cockroach (D:1)
  13 goblins
  4 hobgoblins
  A quokka (D:2)
  4 frilled lizards
  3 kobolds
  A rat (D:1)
39 creatures vanquished.

Notes
Turn   | Place    | Note
-------+----------+-------------------------------------------
     0 | D:1      | MTVSty1e the Draconian Transmuter began the quest for the Orb.
     0 | D:1      | Reached XP level 1. HP: 16/16 MP: 3/3
   126 | D:1      | Reached XP level 2. HP: 18/24 MP: 5/5
   593 | D:2      | Reached XP level 3. HP: 30/30 MP: 4/6
   778 | D:2      | Found a shattered altar of Ashenzari.
   896 | D:2      | Found a shimmering altar of Xom.
  1044 | D:3      | Noticed Robin
  1056 | D:2      | HP: 1/30 [quokka (1)]
  1370 | D:3      | Reached skill level 4 in Unarmed Combat
  1371 | D:3      | Killed Robin
  1371 | D:3      | Reached XP level 4. HP: 30/38 MP: 5/7
  1448 | D:3      | Learned a level 2 spell: Sticks to Snakes
  1527 | D:3      | Noticed ThereIsNoGod's ghost (weakling MiGl)
  1565 | D:3      | Slain by ThereIsNoGod's ghost

Skill      XL: |  1  2  3 |
---------------+----------+-----
Fighting       | 2 3 |  3.2
Unarmed Combat | 4 |  4.1
Dodging        | |  1.7
Spellcasting   | |  2.0
Transmutations | |  2.0

Action                   |  1- 3 |  4- 6 || total
-------------------------+-------+-------++-------
Melee: Unarmed           |    96 |    29 ||   125
       Headbutt          |     5 |     4 ||     9
       Tailslap          |     9 |     3 ||    12
 Cast: Beastly Appendage |    14 |     3 ||    17
       Sticks to Snakes  |       |     2 ||     2
 Stab: Sleeping          |     1 |       ||     1
  Eat: Bread ration      |     1 |       ||     1
Armor: Skin              |    31 |     7 ||    38
Dodge: Dodged            |    61 |    18 ||    79
